 Dungeon Crawl Stone Soup version 0.30.1-11-g7821555f0a (webtiles) character file.

Game seed: 2602227647832326804

128 fireball365 the Shield-Bearer (level 5, -11/46 HPs)
             Began as a Hill Orc Fighter on Nov 22, 2023.
             Killed from afar by an orc wizard (12 damage)
             ... with a puff of flame
             ... on level 3 of the Dungeon.
             The game lasted 00:04:29 (2829 turns).

fireball365 the Shield-Bearer (Hill Orc Fighter)    Turns: 2829, Time: 00:04:31

Health: -11/46     AC:  8    Str: 21    XL:     5   Next: 12%
Magic:  5/5        EV:  9    Int:  8    God:
Gold:   144        SH:  4    Dex: 10    Spells: 4/4 levels left

rFire   . . .        a - +0 war axe
rCold   . . .        c - +0 buckler
rNeg    . . .        b - +0 scale mail
rPois   .            (no helmet)
rElec   .            (no cloak)
rCorr   .            (no gloves)
SInv    .            s - +0 pair of boots
Will    .....        (no amulet) Stlth
                     (no ring)
HPRegen 0.27/turn    (no ring)
MPRegen 0.09/turn

%: no passive effects
@: lethally poisoned (-11 -> -36)
A: no striking features
a: no special abilities


You were on level 3 of the Dungeon.
You visited 1 branch of the dungeon, and saw 3 of its levels.

You collected 144 gold pieces.

Inventory:

Hand Weapons
 a - a +0 war axe (weapon)
Armour
 b - a +0 scale mail (worn)
 c - a +0 buckler (worn)
 s - a +0 pair of boots (worn)
Jewellery
 g - a ring of flight
Wands
 o - a wand of iceblast (4)
Scrolls
 f - 2 scrolls of noise
 h - a scroll of blinking {unknown}
 k - a scroll of teleportation {unknown}
 n - a scroll of enchant weapon {unknown}
 q - a scroll of poison
 r - a scroll of amnesia {unknown}
Potions
 d - 2 potions of might
 e - a potion of curing {unknown}
 i - 2 potions of magic
 j - a potion of berserk rage
 l - a potion of haste {unknown}
 p - a potion of mutation {unknown}


   Skills:
 + Level 4.1 Fighting
 + Level 4.2 Axes
 + Level 4.1 Armour
 + Level 0.1 Dodging
 + Level 0.8 Stealth
 + Level 4.2 Shields


You had 4 spell levels left.
You didn't know any spells.
Your spell library contained the following spells:

 Spells                   Type           Power      Damage    Failure   Level
 Sublimation of Blood     Necr           0%         N/A       91%         2
 Petrify                  Tmut/Erth      0%         N/A       100%        4
 Fireball                 Conj/Fire      0%         3d3       100%        5
 Irradiate                Conj/Tmut      0%         3d11      100%        5
 Iskenderun's Battlesphe  Conj           0%         2d6       100%        5
 Conjure Ball Lightning   Conj/Air       0%         3x3d6     100%        6
 Orb of Destruction       Conj           0%         9d5       100%        7


Dungeon Overview and Level Annotations

Branches:
Dungeon (3/15)

Altars:
Hepliaklqana
Nemelex Xobeh
Vehumet
Xom
Yredelemnul
The Shining One


Message History

You feel less confused.
You feel very sick. Something hits you but does no damage.
You are more poisoned.
The orc hits you but does no damage.
You miss something. You slash the orc!
You kill the orc!
You feel very sick. Something hits you but does no damage.
You are more poisoned.
Something hits you but does no damage.
You closely miss something.
You feel very sick. You block something's attack.
You closely miss something.
* * * LOW HITPOINT WARNING * * *
You feel very sick. Something hits you.
* * * LOW HITPOINT WARNING * * *
You are more poisoned.
You closely miss something.
* * * LOW HITPOINT WARNING * * *
You feel extremely sick. Something hits you but does no damage.
You are more poisoned.
Something hits you.
* * * LOW HITPOINT WARNING * * *
You are more poisoned.
You feel much better.
* * * LOW HITPOINT WARNING * * *
You feel extremely sick. Something hits you but does no damage.
You are more poisoned.
You barely miss something.
* * * LOW HITPOINT WARNING * * *
You feel extremely sick.
You hear some strange, mumbled words.
A puff of flame appears from out of thin air!
The puff of flame hits you!
You die...

.#
#.#............#########
.#
#.#...#######..........#
.###.#...# #.....#####.#
.........# ##...## #.#
####.....# ##.## #.# #
##.#### #.# #.# #.# #.#
###.### #.# ##'##
#.....# #.# #@..#
#.....# #(# #.){..#
#.....# #######
#.......##.....##
.....##
#.......<.#......##
.._...##
+.........+.......#
8...8..#
#.........####...##
..#....# ##.......##
#..## .###._.# ##.....##
#.## ..##...# #.#


There were no monsters in sight!

Vanquished Creatures
  An orc priest (D:3)
  4 adders
  A worm (D:2)
  6 orcs (D:3)
  5 ball pythons
  3 endoplasms
  2 giant cockroaches
  9 goblins
  5 hobgoblins
  3 quokkas
  6 bats
  3 frilled lizards
  3 kobolds
  3 rats
54 creatures vanquished.

Notes
Turn   | Place    | Note
-------+----------+-------------------------------------------
     0 | D:1      | fireball365 the Hill Orc Fighter began the quest for the
                  | Orb.
     0 | D:1      | Reached XP level 1. HP: 19/19 MP: 1/1
   165 | D:1      | Reached XP level 2. HP: 27/27 MP: 2/2
   555 | D:1      | Reached XP level 3. HP: 32/33 MP: 3/3
  1151 | D:2      | Found Luzul's Magic Scroll Shop.
  1420 | D:2      | Reached XP level 4. HP: 40/40 MP: 4/4
  1897 | D:3      | Found a shimmering altar of Xom.
  1897 | D:3      | Found a glowing golden altar of the Shining One.
  1915 | D:3      | Found a hazy altar of Hepliaklqana.
  1921 | D:3      | Found a basalt altar of Yredelemnul.
  1930 | D:3      | Found a sparkling altar of Nemelex Xobeh.
  1938 | D:3      | Found a radiant altar of Vehumet.
  2571 | D:3      | Reached XP level 5. HP: 20/46 MP: 5/5
  2827 | D:3      | HP: 2/46 [something (1)]
  2829 | D:3      | Killed from afar by an orc wizard

Illustrated notes

Levels and vault maps discovered:
D:1:      elethiomel_arrival_maze, layout_basic, minmay_misc_feat_ornament
D:2:      layout_loops_cross, serial_shops, shop, chequers_serial_rivers_marsh
D:3:      layout_loops_corners, nicolae_overflow_hallway_of_the_gods

Skill      XL: |  1  2  3  4 |
---------------+-------------+-----
Axes           | 3 4 |  4.2
Fighting       | 4 |  4.1
Shields        | 4 |  4.2
Armour         | 4 |  4.1
Dodging        | |  0.1
Stealth        | |  0.8

Action                     |  1- 3 |  4- 6 || total
---------------------------+-------+-------++-------
  Melee: War axe           |   106 |    61 ||   167
    Use: Scroll            |       |     5 ||     5
         Potion            |       |     3 ||     3
 Armour: Scale mail        |    62 |    32 ||    94
  Dodge: Dodged            |    67 |    25 ||    92
  Block: Buckler           |    38 |     9 ||    47
